 Dungeon Crawl Stone Soup version 0.23.1 (webtiles) character file.

Game seed: 9835762703984894505

406 PentaManta the Bolt Thrower (level 7, -1/40 HPs)
             Began as a Kobold Hunter on Mar 16, 2019.
             Was a Follower of Okawaru.
             Slain by a scorpion (5 damage)
             ... on level 4 of the Dungeon.
             The game lasted 00:07:05 (2550 turns).

PentaManta the Bolt Thrower (Kobold Hunter)         Turns: 2550, Time: 00:07:05

Health: -1/40      AC:  8    Str: 11    XL:     7   Next: 12%
Magic:  7/7        EV: 16    Int: 13    God:    Okawaru [*.....]
Gold:   148        SH:  0    Dex: 15    Spells: 6/6 levels left

rFire    . . .     SeeInvis .   b - +0 short sword
rCold    . . .     Gourm    .   (shield restricted)
rNeg     . . .     Faith    .   c - +0 leather armour
rPois    .         Spirit   .   l - +1 hat
rElec    .         Reflect  .   u - +0 cloak (curse)
rCorr    .         Harm     .   p - +2 pair of gloves
MR       .....                  (no boots)
Stlth    +++.......             (no amulet)
HPRegen  0.13/turn              (no ring)
MPRegen  0.10/turn              (no ring)

@: no status effects
A: small, carnivore
a: Heroism, Renounce Religion


You were on level 4 of the Dungeon.
You worshipped Okawaru.
Okawaru was aware of your devotion.
You were near starving.

You visited 1 branch of the dungeon, and saw 4 of its levels.

You collected 148 gold pieces.

Inventory:

Hand Weapons
 a - a +2 hand crossbow
 b - a +0 short sword (weapon)
Armour
 c - a +0 leather armour (worn)
 l - a +1 hat (worn)
 p - a +2 pair of gloves (worn)
 u - a cursed +0 cloak (worn)
Jewellery
 d - an uncursed ring of wizardry {unknown}
Wands
 s - a wand of flame (1)
Scrolls
 g - a scroll of blinking
 h - 2 scrolls of teleportation
 j - 4 scrolls of identify {unknown}
 o - a scroll of remove curse {unknown}
 t - a scroll of random uselessness {unknown}
Potions
 k - a potion of cancellation
 v - a potion of haste
Comestibles
 f - 10 rations
 i - 3 chunks of flesh


   Skills:
 - Level 2.1 Fighting
 * Level 7.6 Crossbows
 + Level 4.6 Dodging
 + Level 4.9 Stealth


You had 6 spell levels left.
You didn't know any spells.
Your spell library was empty.

Dungeon Overview and Level Annotations

Branches:
Dungeon (4/15)             Temple (0/1) D:4

Altars:
Cheibriados
Okawaru
Trog
Xom
The Shining One

Portals:
Sewer: D:4


Innate Abilities, Weirdness & Mutations

You are small and have problems with some larger weapons.
You are carnivorous and can eat meat at any time.


Message History

Something hits you but does no damage.
You barely miss the scorpion.
The scorpion is heavily wounded.
The scorpion closely misses you. Something hits you but does no damage.
The scorpion misses you.
You hit the scorpion.
The scorpion is severely wounded.
You hear some strange, mumbled words.
A magic dart appears from out of thin air!
The magic dart hits you!
* * * LOW HITPOINT WARNING * * *
The scorpion barely misses you.
Wield which item (- for none, * to show all)? (? for menu, Esc to quit)
a - a +2 hand crossbow (weapon)
Wield which item (- for none, * to show all)? (? for menu, Esc to quit)
b - a +0 short sword (weapon)
Something hits you.
* * * LOW HITPOINT WARNING * * *
The scorpion stings you.
You die...

,,,,,..####.........##
,,,,.♣..#......#.....*
,*,♣...........##..#**
,,,....!........#.##
*,,...?...........(###
**,,.................#
#..,,P.P.........#.###
...♣♣♣♣P.....)(.{()(#
...PP♣P........s@...###
....P..........(......#
##........###.##.#....#
>.........#..#####....#
................##..###
.............##.....#
...#............,..(#
.....#≈..#..#.....###
...÷.≈≈≈≈≈...#..##*


You could see a scorpion.

Vanquished Creatures
  An ogre (D:4)
  Ijyb (D:3)
  2 hounds
  An orc wizard (D:3)
  A worker ant (D:4)
  4 gnolls (D:3)
  5 adders
  An ooze (D:4)
  A worm (D:4)
  5 dart slugs
  3 leopard geckos
  15 orcs
  3 giant cockroaches
  3 goblins
  2 hobgoblins
  4 jackals (D:3)
  5 kobolds
  3 quokkas
  A ball python (D:4)
  7 bats
  5 frilled lizards
  A quokka skeleton (D:4)
  7 rats
81 creatures vanquished.

Notes
Turn   | Place    | Note
-------+----------+-------------------------------------------
     0 | D:1      | PentaManta the Kobold Hunter began the quest for the Orb.
     0 | D:1      | Reached XP level 1. HP: 12/12 MP: 1/1
   163 | D:1      | Reached skill level 5 in Crossbows
   190 | D:1      | Reached XP level 2. HP: 17/17 MP: 2/2
   687 | D:2      | Reached XP level 3. HP: 21/21 MP: 3/3
   722 | D:2      | Found a bloodstained altar of Trog.
   974 | D:2      | Reached XP level 4. HP: 26/26 MP: 4/4
  1071 | D:2      | Found an iron altar of Okawaru.
  1074 | D:2      | Found a shimmering altar of Xom.
  1076 | D:2      | Found a snail-covered altar of Cheibriados.
  1079 | D:2      | Became a worshipper of Warmaster Okawaru
  1484 | D:3      | Reached skill level 6 in Crossbows
  1484 | D:3      | Reached XP level 5. HP: 28/30 MP: 5/5
  1492 | D:3      | Found a glowing golden altar of the Shining One.
  1669 | D:3      | Noticed Ijyb
  1680 | D:3      | Killed Ijyb
  1932 | D:3      | Reached XP level 6. HP: 33/35 MP: 6/6
  1955 | D:3      | Reached skill level 7 in Crossbows
  2305 | D:4      | Reached * piety under Okawaru
  2310 | D:4      | Found a staircase to the Ecumenical Temple.
  2340 | D:4      | Noticed an ogre
  2346 | D:4      | Killed an ogre
  2346 | D:4      | Reached XP level 7. HP: 40/40 MP: 7/7
  2405 | D:4      | Found a glowing drain.
  2550 | D:4      | Slain by a scorpion

Skill      XL: |  1  2  3  4  5  6 |
---------------+-------------------+-----
Crossbows      | 5 6 7 |  7.6
Stealth        | 2 3 4 |  4.9
Dodging        | 3 4 |  4.6
Fighting       | |  2.1

Action                   |  1- 3 |  4- 6 |  7- 9 || total
-------------------------+-------+-------+-------++-------
Melee: Short sword       |       |       |    41 ||    41
 Fire: Hand crossbow     |    42 |   131 |    25 ||   198
Throw: Tomahawk          |       |       |     2 ||     2
Invok: Heroism           |       |       |     2 ||     2
  Use: Scroll            |       |     4 |       ||     4
       Potion            |       |       |     6 ||     6
  Eat: Chunk             |       |     3 |       ||     3
Armor: Leather armour    |     1 |     9 |    34 ||    44
Dodge: Dodged            |     7 |    53 |    73 ||   133
